 Dungeon Crawl Stone Soup version 0.21-a0-286-g6fcecc0 (webtiles) character file.

168 Ijustatesigmund the Cudgeler (level 5, -2/36 HPs)
             Began as an Octopode Fighter on Sept 26, 2017.
             Succumbed to Terence's poison
             ... on level 3 of the Dungeon.
             The game lasted 00:04:03 (3325 turns).

Ijustatesigmund the Cudgeler (Octopode Fighter)     Turns: 3325, Time: 00:04:04

Health: -2/36      AC:  1    Str: 16    XL:     5   Next: 49%
Magic:  5/5        EV: 12    Int: 10    God:
Gold:   127        SH:  9    Dex: 12    Spells: 4/4 levels left

rFire    . . .     SeeInvis .   a - +0 flail
rCold    . . .     Gourm    .   b - +0 shield
rNeg     . . .     Faith    .   (helmet restricted)
rPois    .         Spirit   .   (no amulet)
rElec    .         Reflect  .   (no ring)
rCorr    .         Harm     .   (no ring)
MR       .....                  (no ring)
Stlth    ++........             (no ring)
HPRegen  0.12/turn              (no ring)
MPRegen  0.09/turn              (no ring)
                                (no ring)
                                (no ring)

@: lethally poisoned (-2 -> -51)
A: almost no armour, stealthy swim, amphibious, 8 rings, constrict 8, camouflage
1, gelatinous body 1
a: no special abilities


You were on level 3 of the Dungeon.
You were near starving.

You visited 1 branch of the dungeon, and saw 3 of its levels.

You collected 127 gold pieces.

Inventory:

Hand Weapons
 a - a +0 flail (weapon)
Armour
 b - a +0 shield (worn)
Scrolls
 e - a scroll of teleportation
 f - 2 scrolls of remove curse
Potions
 g - a potion of resistance {unknown}
 i - a potion of curing {unknown}
Comestibles
 d - 2 bread rations


   Skills:
 + Level 3.6 Fighting
 * Level 4.4 Maces & Flails
 - Level 3.0 Dodging
 + Level 3.9 Shields


You had 4 spell levels left.
You didn't know any spells.

Dungeon Overview and Level Annotations

Branches:
Dungeon (3/15)

Altars:
Elyvilon

Annotations:
D:3 Ijustatesigmund's ghost, amateur OpFi; Terence


Innate Abilities, Weirdness & Mutations

You cannot wear most types of armour.
You are very stealthy in the water. (Stealth+)
You are amphibious.
You can wear up to eight rings at the same time.
You can use your tentacles to constrict eight enemies at once.
Your skin changes colour to match your surroundings (Stealth+).
Your rubbery body absorbs attacks. (AC +1, EV +1)


Message History

Terence is severely wounded.
You feel very sick. The adder bites you. Terence barely misses you.
The adder misses you.
You closely miss the adder. Your grab misses the adder.
You feel sick.
Terence hits you with a short sword of venom.
* * * LOW HITPOINT WARNING * * *
You are more poisoned.
You block the adder's attack. Terence hits you but does no damage.
You are more poisoned.
You closely miss the adder. Your grab misses the adder. You squeeze the adder.
The adder is heavily wounded.
* * * LOW HITPOINT WARNING * * *
You feel very sick. The adder barely misses you. The adder closely misses you.
Terence says, "Rest in peace."
Terence hits you with a short sword of venom.
* * * LOW HITPOINT WARNING * * *
You are more poisoned.
It was a potion of cancellation.
You feel magically purged.
You die...

#.# #.# #.#
###.# #.<.#####
####....# ####.#
#.######...
#.$@@......
.......S#####...
#...##.## ...
...g # .....
###.#. #. .. #.


You could see Terence and an adder.

Vanquished Creatures
  A hound (D:3)
  2 gnolls (D:1)
  4 adders
  An ooze (D:2)
  4 worms
  A dart slug (D:2)
  5 leopard geckos
  An orc (D:3)
  A ball python (D:1)
  3 giant cockroaches (D:1)
  7 goblins
  4 hobgoblins
  2 jackals (D:2)
  6 bats
  5 frilled lizards (D:1)
  7 kobolds
  8 rats
62 creatures vanquished.

Vanquished Creatures (others)
  A rat (D:2)
1 creature vanquished.

Grand Total: 63 creatures vanquished

Notes
Turn   | Place    | Note
-------+----------+-------------------------------------------
     0 | D:1      | Ijustatesigmund the Octopode Fighter began the quest for the Orb.
     0 | D:1      | Reached XP level 1. HP: 16/16 MP: 1/1
    16 | D:1      | Reached XP level 2. HP: 21/21 MP: 2/2
   263 | D:1      | Reached skill level 3 in Maces & Flails
   263 | D:1      | Reached XP level 3. HP: 10/26 MP: 3/3
  1171 | D:2      | Reached XP level 4. HP: 24/31 MP: 4/4
  2110 | D:2      | Reached skill level 4 in Maces & Flails
  2178 | D:2      | Reached XP level 5. HP: 36/36 MP: 5/5
  2563 | D:2      | Found a white marble altar of Elyvilon.
  2737 | D:3      | Noticed Ijustatesigmund's ghost (amateur OpFi)
  3316 | D:3      | Noticed Terence
  3325 | D:3      | Succumbed to Terence's poison

Vault maps used:
D:1:      minmay_arrival_doors
D:2:      elyvilon_altar_4, minivault_14, minmay_tetromino_i4
D:3:      minmay_roachtagon, corexii_leaking_fountain,
          nicolae_tso_carved_into_rock, uniq_terence

Skill      XL: |  1  2  3  4 |
---------------+-------------+-----
Maces & Flails | 3 4 |  4.4
Fighting       | |  3.6
Dodging        | |  3.0
Shields        | |  3.9

Action                   |  1- 3 |  4- 6 || total
-------------------------+-------+-------++-------
Melee: Flail             |    52 |    92 ||   144
       Tentacles         |    12 |    13 ||    25
       Constrict         |    14 |    17 ||    31
  Use: Potion            |     1 |     3 ||     4
       Scroll            |     2 |     2 ||     4
 Stab: Sleeping          |     7 |     5 ||    12
       Distracted        |       |     1 ||     1
  Eat: Chunk             |       |     6 ||     6
Armor: Skin              |     3 |    15 ||    18
Dodge: Dodged            |    23 |    69 ||    92
Block: Shield            |    31 |    57 ||    88

Table legend:
 A = Spawn XP
 B = Non-spawn XP
 C = Spawn XP percentage of total XP
 D = Spawn monster count
 E = Non-spawn monster count
 F = Spawn count percentage of total count
 G = Total turns spent on level
                    A         B        C        D         E        F      G
               +---------+---------+-------+---------+---------+-------+---------
         Total |       0 |     241 |   0.0 |       0 |      62 |   0.0 |  3325
               +---------+---------+-------+---------+---------+-------+---------
           D:1 |       0 |     108 |   0.0 |       0 |      39 |   0.0 |  1927
           D:2 |       0 |      85 |   0.0 |       0 |      21 |   0.0 |  1349
           D:3 |       0 |      48 |   0.0 |       0 |       2 |   0.0 |    49
               +---------+---------+-------+---------+---------+-------+---------
